 Dungeon Crawl Stone Soup version 0.17-a0-1778-gd369669 (webtiles) character file.

27922 4thArraOfDagon the Severer (level 13, -27/183 HPs)
             Began as a Hill Orc Berserker on Sept 8, 2015.
             Was an Elder of Trog.
             Killed from afar by a deep elf annihilator (56 damage)
             ... with a crystal spear
             ... on level 3 of the Elven Halls.
             The game lasted 00:32:13 (5261 turns).

4thArraOfDagon the Severer (Hill Orc Berserker)     Turns: 5261, Time: 00:32:13

Health: -27/183    AC: 26    Str: 25    XL:     13   Next: 35%
Magic:  4/4        EV:  2    Int:  7    God:    Trog [****..]
Gold:   636        SH:  0    Dex: 10    Spells: 0 memorised, 12 levels left

rFire  . . .     SeeInvis .     N - +6 battleaxe (antimagic)
rCold  . . .     Clarity  .     (armour currently unavailable)
rNeg   + + +     SustAt   .     (no shield)
rPois  +         Gourm    .     (helmet currently unavailable)
rElec  .         Spirit   .     (cloak currently unavailable)
rCorr  .         Warding  .     (gloves currently unavailable)
rMut   .         NoTele   +     (boots currently unavailable)
MR     ++...                    l - amulet of faith
Stlth  ..........               o - ring of poison resistance
                                q - ring of loudness (curse)

@: tree-form, regenerating, very resistant to hostile enchantments, extremely
unstealthy
A: no striking features
a: Burn Spellbooks, Berserk, Trog's Hand, Brothers in Arms, Renounce Religion


You were on level 3 of the Elven Halls.
You worshipped Trog.
Trog was greatly pleased with you.
You were very hungry.
You were a tree.
You visited 3 branches of the dungeon, and saw 17 of its levels.

You collected 1401 gold pieces.
You spent 765 gold pieces at shops.

Inventory:

Hand weapons
 a - a +1 hand axe
 w - a cursed -2 war axe
 x - a +0 war axe of flaming
 F - a +3 antimagic battleaxe
 M - a +2 war axe of chopping
 N - a +6 antimagic battleaxe (weapon)
Missiles
 G - 4 throwing nets (quivered)
Armour
 g - a +2 helmet (melded)
 u - a +0 cloak (melded)
 O - a +4 plate armour of magic resistance (melded)
Jewellery
 i - an uncursed ring of protection from cold
 l - an amulet of faith (around neck)
 o - a ring of poison resistance (right branch)
 p - a +5 ring of intelligence
 q - a cursed ring of loudness (left branch)
 s - a cursed amulet of rage
 D - an uncursed ring of protection from magic
 J - a +5 ring of evasion
Magical devices
 f - a wand of polymorph (0)
 y - a wand of fire (2)
 B - a wand of polymorph (8)
 E - a wand of random effects (32)
 H - a wand of confusion (36)
Scrolls
 m - a scroll of recharging
 v - a scroll of fear
Potions
 b - 3 potions of invisibility
 d - 7 potions of curing
 e - 2 potions of agility
 k - a potion of resistance {unknown}
 z - 2 potions of magic {unknown}
 I - a potion of berserk rage {unknown}
 K - a potion of cancellation {unknown}
 L - a potion of poison {unknown}
 Q - a potion of mutation
Books
 j - a book of Power

   Spells                             Type                      Level
   a - Fulminant Prism                Conjuration/Hexes            4
   b - Iskenderun's Mystic Blast      Conjuration                  4
   c - Venom Bolt                     Conjuration/Poison           5
   d - Bolt of Magma                  Conjuration/Fire/Earth       5
   e - Iron Shot                      Conjuration/Earth            6
   f - Orb of Destruction             Conjuration                  7
   g - Spellforged Servitor           Conjuration/Summoning        7
   Trog disapproves of the use of such an item.
Miscellaneous
 r - a stone of tremors
Comestibles
 c - 2 bread rations
 h - 3 chunks of flesh
 n - 2 beef jerkies
 t - a slice of pizza
 A - 3 meat rations


   Skills:
 + Level 13.3 Fighting
 * Level 19.0 Axes
 + Level 12.1 Armour
 - Level 1.5 Dodging
 * Level 2.3 Evocations


You had 12 spell levels left.
You didn't know any spells.

Dungeon Overview and Level Annotations

Branches:
Dungeon (10/15)               Orc (4/4) D:9             Elf (3/3) Orc:3
 Temple: D:4-7         Lair: D:8-11

Altars:
Kikubaaqudgha
Qazlal
Trog

Shops:
Orc:2 :   Orc:4 %}(

Annotations:
D:8 Erica
D:10 Maud


Message History

Okay, then.
Use which ability?
Your two-headed ogre goes berserk!
You are feeling very hungry.
Your ogre barely misses the deep elf annihilator.
The deep elf annihilator gestures at you while chanting.
The iron shot hits your ogre.
Your ogre dies!
Your ogre's corpse disappears in a puff of smoke!
Unknown command.
Unknown command.
Drink which item? (? for menu, Esc to quit)
You turn into a tree.
Your +0 cloak melds into your body.
Your +2 helmet melds into your body.
Your +4 plate armour of magic resistance melds into your body.
You feel less resistant to hostile enchantments.
Your roots penetrate the ground.
The deep elf annihilator points at you and mumbles some strange words.
The crystal spear hits you!
You die...

#...# #e..#
#...#######.
#...........
#..)........
#..)).......
#...############
#...'..........#
#...#.ee.♣O....#
#...#.e######..#
#.(.#.§# #...#..#
#...#..# #...#..#
#...#...
#..§#....
########...######


You could see 2 deep elf annihilators, a deep elf demonologist and a friendly
two-headed ogre (berserk).

Vanquished Creatures
  A deep elf sorcerer (Elf:3)
  Nessos (Orc:4)
  The ghost of 4thArraOfDagon the Cleaver, a powerful DDBe of Trog (Elf:3)
  Josephine (Orc:3)
  Harold (Orc:3)
  4 ogre magi
  Urug (Orc:1)
  4 deep elf knights
  4 deep elf summoners (Elf:1)
  3 deep elf conjurers
  An orc sorcerer (Orc:4)
  A komodo dragon (D:10)
  A troll (D:9)
  2 deep elf priests
  12 two-headed ogres (Orc:4)
  8 deep elf magi
  9 deep elf fighters
  2 hippogriffs
  4 wraiths (Orc:3)
  A warg (Orc:3)
  Menkaure (D:7)
  2 ice beasts
  14 orc warriors
  An eye of draining (D:9)
  32 ogres
  A centaur (D:9)
  5 giant frogs
  A giant frog zombie (D:5)
  2 crimson imps (D:10)
  A wasp zombie (D:9)
  31 orc wizards
  2 hounds
  A giant frog skeleton (D:8)
  4 worker ants
  15 orc priests
  A worker ant zombie (D:6)
  2 adders (D:4)
  A shadow imp (D:7)
  2 giant geckos
  126 orcs
  A ball python (D:4)
  3 giant cockroaches
  A goblin (D:1)
  2 hobgoblins
  4 jackals (D:1)
  4 quokkas
  2 bats
  A giant gecko skeleton (D:7)
  2 giant newts
  A kobold (D:1)
  7 rats
  2 fungi (Elf:2)
337 creatures vanquished.

Vanquished Creatures (collateral kills)
  A deep elf sorcerer (Elf:3)
  Donald (Orc:3)
  A deep elf conjurer (Elf:3)
  An orc knight (Orc:3)
  An orc (Orc:3)
5 creatures vanquished.

Vanquished Creatures (others)
  2 orcs
2 creatures vanquished.

Grand Total: 344 creatures vanquished

Notes
Turn   | Place    | Note
--------------------------------------------------------------
     0 | D:1      | 4thArraOfDagon the Hill Orc Berserker began the quest for the Orb.
     0 | D:1      | Reached XP level 1. HP: 19/19 MP: 1/1
    82 | D:1      | Reached XP level 2. HP: 27/27 MP: 2/2
   138 | D:1      | You fall through a shaft!
   191 | D:2      | Found a stormy altar of Qazlal.
   257 | D:2      | Acquired Trog's second power
   331 | D:3      | Reached XP level 3. HP: 33/33 MP: 3/3
   336 | D:3      | Reached skill level 5 in Axes
   336 | D:3      | Reached XP level 4. HP: 36/40 MP: 4/4
   522 | D:5      | Entered Level 5 of the Dungeon
   631 | D:5      | Reached XP level 5. HP: 21/47 MP: 5/5
   634 | D:5      | Reached skill level 6 in Axes
   727 | D:6      | Reached skill level 5 in Fighting
   727 | D:6      | Reached XP level 6. HP: 40/56 MP: 6/6
   794 | D:6      | Found a bloodstained altar of Trog.
   858 | D:6      | Noticed an ogre
   861 | D:6      | Killed an ogre
   861 | D:6      | Reached skill level 7 in Axes
  1040 | D:7      | Noticed Menkaure
  1052 | D:7      | Killed Menkaure
  1052 | D:7      | Reached XP level 7. HP: 25/62 MP: 7/7
  1103 | D:8      | Noticed Erica
  1371 | D:9      | Reached skill level 8 in Axes
  1378 | D:9      | Reached skill level 5 in Armour
  1424 | D:9      | Noticed a troll
  1428 | D:9      | Noticed a deep elf mage
  1434 | D:9      | Killed a troll
  1434 | D:9      | Reached skill level 9 in Axes
  1434 | D:9      | Reached XP level 8. HP: 71/71 MP: 8/8
  1444 | D:10     | Entered Level 10 of the Dungeon
  1562 | D:10     | Noticed a deep elf mage
  1577 | D:10     | Killed a deep elf mage
  1577 | D:10     | Reached skill level 10 in Axes
  1689 | D:10     | Noticed Maud
  1739 | D:10     | Noticed a komodo dragon
  1751 | D:10     | Killed a komodo dragon
  1751 | D:10     | Reached skill level 11 in Axes
  1751 | D:10     | Reached XP level 9. HP: 56/81 MP: 9/9
  1808 | D:9      | Killed a deep elf mage
  1968 | D:9      | Reached skill level 12 in Axes
  2017 | D:9      | Found a staircase to the Orcish Mines.
  2102 | D:9      | Found an ancient bone altar of Kikubaaqudgha.
  2192 | D:9      | Noticed a hippogriff
  2197 | D:9      | Killed a hippogriff
  2278 | Orc:1    | Entered Level 1 of the Orcish Mines
  2278 | Orc:1    | Noticed Urug
  2294 | Orc:1    | Killed Urug
  2294 | Orc:1    | Reached skill level 13 in Axes
  2294 | Orc:1    | Reached XP level 10. HP: 43/91 MP: 10/10
  2299 | Orc:1    | Acquired Trog's third power
  2808 | Orc:2    | Received a gift from Trog
  2913 | Orc:3    | Reached skill level 14 in Axes
  2993 | Orc:2    | Found Wiatoakh's Book Boutique.
  3097 | Orc:3    | Noticed Josephine
  3111 | Orc:3    | Killed Josephine
  3111 | Orc:3    | Reached skill level 10 in Fighting
  3224 | Orc:3    | Noticed Donald
  3233 | Orc:3    | Killed Donald
  3233 | Orc:3    | Received a gift from Trog
  3233 | Orc:3    | Reached skill level 15 in Axes
  3233 | Orc:3    | Reached XP level 11. HP: 99/101 MP: 11/11
  3301 | Orc:4    | Entered Level 4 of the Orcish Mines
  3304 | Orc:4    | Noticed Nessos
  3308 | Orc:4    | Noticed an ogre mage
  3311 | Orc:4    | Noticed an ogre mage
  3319 | Orc:4    | HP: 3/151 [ogre mage/bolt of lightning (44)]
  3322 | Orc:3    | HP: 1/151 [poisoned by Nessos]
  3510 | Orc:3    | Received a gift from Trog
  3585 | Orc:3    | Noticed an orc knight
  3586 | Orc:3    | Noticed Harold
  3598 | Orc:3    | Killed an orc knight
  3604 | Orc:3    | Killed Harold
  3640 | Orc:3    | Found a staircase to the Elven Halls.
  3745 | Orc:4    | HP: 5/101 [Nessos/poisoned arrow (21)]
  3745 | Orc:4    | HP: 2/101 [Nessos/poisoned arrow (3)]
  3750 | Orc:3    | HP: 3/101 [poisoned by Nessos]
  3827 | Orc:4    | Noticed an ogre mage
  3879 | Orc:3    | Killed an ogre mage
  3879 | Orc:3    | Reached skill level 10 in Armour
  3924 | Orc:4    | Reached skill level 16 in Axes
  3925 | Orc:4    | Noticed an ice devil
  3926 | Orc:4    | Killed an ogre mage
  3939 | Orc:4    | Killed an ogre mage
  3941 | Orc:4    | Reached XP level 12. HP: 107/110 MP: 4/12
  4027 | Orc:4    | Reached skill level 17 in Axes
  4109 | Orc:4    | Killed Nessos
  4165 | Orc:4    | Noticed an ogre mage
  4191 | Orc:4    | Killed an ogre mage
  4263 | Orc:4    | Found Winoimm's Antique Weapon Shop.
  4263 | Orc:4    | Found Yrhetigaip's Distillery.
  4264 | Orc:4    | Found Qirynosi's Gadget Emporium.
  4264 | Orc:4    | Found Joemodih's Food Boutique.
  4275 | Orc:4    | Bought a potion of invisibility for 144 gold pieces
  4275 | Orc:4    | Bought a potion of curing for 54 gold pieces
  4275 | Orc:4    | Bought a potion of agility for 72 gold pieces
  4275 | Orc:4    | Bought a potion of lignification for 54 gold pieces
  4275 | Orc:4    | Bought a potion of mutation for 45 gold pieces
  4275 | Orc:4    | Bought a potion of invisibility for 144 gold pieces
  4275 | Orc:4    | Bought a potion of curing for 54 gold pieces
  4275 | Orc:4    | Bought 2 potions of curing for 108 gold pieces
  4275 | Orc:4    | Bought a potion of heal wounds for 90 gold pieces
  4453 | Elf:1    | Entered Level 1 of the Elven Halls
  4679 | Elf:1    | Reached skill level 18 in Axes
  4722 | Elf:1    | Received a gift from Trog
  4861 | Elf:1    | Reached XP level 13. HP: 115/119 MP: 4/13
  4990 | Elf:3    | Entered Level 3 of the Elven Halls
  5203 | Elf:3    | Noticed 4thArraOfDagon's ghost (powerful DDBe)
  5206 | Elf:3    | Noticed a deep elf annihilator
  5223 | Elf:3    | Killed 4thArraOfDagon's ghost
  5223 | Elf:3    | Reached skill level 1 in Evocations
  5229 | Elf:3    | Noticed a deep elf sorcerer
  5233 | Elf:3    | Killed a deep elf sorcerer
  5233 | Elf:3    | Reached skill level 19 in Axes
  5234 | Elf:3    | Noticed a deep elf sorcerer
  5235 | Elf:3    | Noticed a deep elf annihilator
  5246 | Elf:3    | Noticed a deep elf annihilator
  5255 | Elf:3    | Killed a deep elf sorcerer
  5256 | Elf:3    | HP: 5/122 [deep elf annihilator/bolt of lightning (11)]
  5259 | Elf:3    | Noticed a deep elf demonologist
  5261 | Elf:3    | Killed from afar by a deep elf annihilator

Vault maps used:
D:1:      saegor_arrival_simple_f
D:2:      grunt_qazlal_sundering, old_standard_altar, minitemple
D:3:      first_bread
D:4:      overflow_temple_1_default, minmay_temple_entry_crystal_x,
          uniq_eustachio
D:6:      zin_purify, yredelemnul_altar_generic, trog_hazing_becter
D:7:      makhleb_altar_promises_db, uniq_menkaure
D:8:      david_lair_generic, hangedman_little_slice_of_home,
          kennysheep_generic_room_11, uniq_erica
D:9:      old_standard_altar, david_orc_4, spider_trap, minmay_splitting_lines,
          uniq_erolcha
D:10:     uniq_maud
Orc:1:    uniq_urug
Orc:2:    serial_shops, shop_coins, uniq_maurice
Orc:3:    nicolae_orc_pool_cavern, guppyfry_library_mini, uniq_donald,
          uniq_harold, uniq_josephine
Orc:4:    st_orc_ogre_mass, uniq_nessos
Elf:1:    eino_elf_arrival_customs, trove_entry_hex_spiral,
          hangedman_corner_corridor
Elf:2:    serial_shops, shop_coins
Elf:3:    minmay_elf_hall_quartered_circle, serial_shops, nicolae_shop_stone

Action                   |  1- 3 |  4- 6 |  7- 9 | 10-12 | 13-15 || total
-------------------------+-------+-------+-------+-------+-------++-------
Melee: Hand axe          |    38 |    99 |   196 |       |       ||   333
       War axe           |       |       |    27 |   135 |       ||   162
       Battleaxe         |       |       |       |   253 |    55 ||   308
Invok: Berserk           |     2 |     6 |    10 |    15 |     3 ||    36
       Trog's Hand       |       |     1 |     8 |    26 |     3 ||    38
       Brothers in Arms  |       |       |       |     4 |     6 ||    10
Evoke: Wand              |       |       |       |     4 |     1 ||     5
  Use: Scroll            |       |     7 |     6 |     3 |     3 ||    19
       Potion            |       |       |       |     1 |     4 ||     5
  Eat: Chunk             |       |     8 |    15 |    30 |     4 ||    57
       Royal jelly       |       |       |       |       |     1 ||     1
